 Dungeon Crawl Stone Soup version 0.31.0-11-ge490571c62 (webtiles) character file.

Game seed: 7577328466268751140

1697 FinalFate the Slicer (level 9, -13/69 HPs)
             Began as a Merfolk Chaos Knight on Feb 2, 2024.
             Was a Plaything of Xom.
             Mangled by an iguana (18 damage)
             ... on level 6 of the Dungeon on Feb 9, 2024.
             The game lasted 00:20:27 (5547 turns).

FinalFate the Slicer (Merfolk Chaos Knight)         Turns: 5547, Time: 00:20:28

Health: -13/69     AC:  7    Str: 16    XL:     9   Next: 3%
Magic:  6/12       EV: 14    Int: 12    God:    Xom [.....*]
Gold:   324        SH:  0    Dex: 13    Spells: 10/12 levels left

rFire   + . .        a - +2 short sword (chaos)
rCold   . . .        (no shield)
rNeg    . . .        b - +2 leather armour
rPois   .            (helmet restricted)
rElec   .            (no cloak)
rCorr   .            i - +0 pair of gloves
SInv    .            f - +0 pair of boots
Will    .....        (no amulet)
Stlth   +            y - ring of protection from fire
HPRegen 0.31/turn    (no ring)
MPRegen 0.13/turn

%: no passive effects
@: very slightly contaminated
A: (nimble swimmer 2), mertail, horns 1
a: Renounce Religion


You were on level 6 of the Dungeon.
You worshipped Xom.
You were Xom's teddy bear.
You visited 1 branch of the dungeon, and saw 6 of its levels.

You collected 324 gold pieces.

Inventory:

Hand Weapons
 a - a +2 short sword of chaos (weapon)
 r - a +2 falchion of flaming
Armour
 b - a +2 leather armour (worn)
 f - a +0 pair of boots (worn)
 i - a +0 pair of gloves (worn)
 q - a +0 pair of boots
Jewellery
 y - a ring of protection from fire (left hand)
Scrolls
 d - 4 scrolls of revelation {unknown}
 g - 4 scrolls of identify
 h - a scroll of brand weapon {unknown}
 j - 2 scrolls of vulnerability {unknown}
 k - 2 scrolls of acquirement {unknown}
 m - 3 scrolls of teleportation
 n - a scroll of torment {unknown}
 o - 2 scrolls of fear {unknown}
 p - 3 scrolls of blinking {unknown}
 s - a scroll of summoning {unknown}
 t - a scroll of immolation {unknown}
Potions
 l - 2 potions of degeneration {unknown}
 u - 2 potions of mutation {unknown}
 v - a potion of haste {unknown}
 w - a potion of curing
 x - a potion of might {unknown}
 z - a potion of heal wounds


   Skills:
 * Level 6.1 Fighting
 * Level 8.0 Short Blades
 * Level 3.6 Armour
 * Level 7.2 Dodging
 * Level 2.2 Spellcasting
 * Level 1.8 Fire Magic
 + Level 0.2 Evocations


You had 10 spell levels left.
You knew the following spells:

 Your Spells              Type           Power      Damage    Failure   Level
a - Scorch                Fire           10%        2d5       22%         2

Your spell library contained the following spells:

 Spells                   Type           Power      Damage    Failure   Level
 Flame Wave               Conj/Fire      3%         2d5       91%         4
 Summon Cactus Giant      Summ           0%         N/A       100%        6


Dungeon Overview and Level Annotations

Branches:
Dungeon (6/15)             Temple (0/1) D:4

Altars:
Cheibriados
Elyvilon

Shops:
D:3 (


Innate Abilities, Weirdness & Mutations

((You are very nimble when in or above water. (Stealth+, EV+, Speed+++)))
Your lower body shifts to a powerful aquatic tail in water.
You have a pair of small horns on your head.


Message History

You are too injured to fight recklessly!
The orc wizard gestures wildly while chanting.
The orc wizard flickers and vanishes!
Deactivating autopickup; reactivate with Ctrl-A.
A gnoll comes into view. It is wielding a +0 flail.
Found 16 gold pieces.
The orc attacks as it pursues you! The orc barely misses you.
The iguana attacks as it pursues you! The iguana closely misses you.
Casting: Scorch (safe; 22% risk of failure)
Confirm with . or Enter, or press ? or * to list all spells.
Flames lash something.
The hound misses you. The orc hits you with a +0 hand axe.
The iguana bites you!
* * * LOW HITPOINT WARNING * * *
Unknown command.
Casting: Scorch (safe; 22% risk of failure)
Confirm with . or Enter, or press ? or * to list all spells.
Flames lash the orc.
The orc is almost dead.
The orc's fire resistance burns away.
The hound bites you but does no damage. The orc hits you with a +0 hand axe.
* * * LOW HITPOINT WARNING * * *
The iguana bites you!
* * * LOW HITPOINT WARNING * * *
The hound misses you.
Casting: Scorch (safe; 22% risk of failure)
Confirm with . or Enter, or press ? or * to list all spells.
You miscast Scorch.
You are very lightly contaminated with residual magic.
Nothing appears to happen.
Xom complains about the scenery.
The hound bites you but does no damage.
The orc hits your butterfly with a +0 hand axe.
Your butterfly dies!
Your butterfly degenerates into a cloud of primal chaos!
The orc misses your butterfly. The orc hits you but does no damage.
The orc hits you with a +0 whip.
* * * LOW HITPOINT WARNING * * *
The iguana bites you!!
You die...
Xom chortles!

#####....###..#
#..... .... #..S##
.#.# . #...### .#.#
>. #..... ...#.#
######....## .......
......bb.b.##..)....
#.bbhob....#..#..
#.bb@o{g.......#
#$..[b.§lo.#..#..##
####.bbbob..........
............##.....
######.###### .g##
#.# .# #.# . #.# #.


You could see a water moccasin, an iguana (strong, poisoned), a hound, a gnoll
and 4 orcs.

Vanquished Creatures
  3 vampire mosquitoes (D:6)
  An ice beast (D:5)
  An orc warrior (D:5)
  A sky beast (D:6)
  A centaur (D:4)
  A bullfrog (D:4)
  A gnoll sergeant (D:6)
  A scorpion (D:5)
  A bombardier beetle (D:4)
  2 hounds
  4 jellies
  4 iguanas
  Terence (D:2)
  4 orc wizards
  6 gnolls
  12 adders
  A river rat (D:4)
  A white imp (D:5)
  A ribbon worm (D:2)
  2 dart slugs
  18 orcs
  6 bats
  9 endoplasms
  5 giant cockroaches
  12 goblins
  10 hobgoblins
  5 kobolds
  4 quokkas
  9 ball pythons
  3 frilled lizards (D:1)
  3 rats
133 creatures vanquished.

Vanquished Creatures (collateral kills)
  Robin (D:3)
  4 orcs
  A quokka (D:3)
  7 goblins (D:3)
13 creatures vanquished.

Vanquished Creatures (others)
  A goblin zombie (D:4)
1 creature vanquished.

Grand Total: 147 creatures vanquished

Notes
Turn   | Place    | Note
-------+----------+-------------------------------------------
     0 | D:1      | FinalFate the Merfolk Chaos Knight began the quest for the
                  | Orb.
     0 | D:1      | Reached XP level 1. HP: 18/18 MP: 1/1
    24 | D:1      | XOM: silly message
    80 | D:1      | Reached XP level 2. HP: 24/24 MP: 2/2
   164 | D:1      | Reached skill level 4 in Short Blades
   486 | D:1      | Reached XP level 3. HP: 28/30 MP: 3/3
   749 | D:2      | Reached skill level 1 in Armour
   802 | D:2      | Found a faded altar of an unknown god.
   856 | D:2      | XOM: 1-stop teleportation journey
   886 | D:2      | Reached XP level 4. HP: 10/37 MP: 4/4
   900 | D:2      | XOM: smoke on damage
  1269 | D:2      | XOM: noise
  1271 | D:2      | Noticed Terence
  1286 | D:2      | Killed Terence
  1316 | D:2      | XOM: god gift: 16 gold pieces
  1685 | D:2      | Found a white marble altar of Elyvilon.
  1877 | D:3      | Reached XP level 5. HP: 42/42 MP: 5/5
  2133 | D:3      | XOM: 1-stop teleportation journey
  2146 | D:3      | Reached skill level 5 in Short Blades
  2146 | D:3      | XOM: cast spell 'Summon Horrible Things'
  2149 | D:3      | Noticed Robin
  2151 | D:3      | Killed Robin
  2185 | D:3      | XOM: enchant monster (bad)
  2195 | D:3      | Found Wonkaf's Weapon Shoppe.
  2248 | D:3      | XOM: noise
  2306 | D:3      | XOM: give mutation
  2306 | D:3      | Gained mutation: You have a pair of small horns on your
                  | head. [Xom's grace]
  2419 | D:3      | Found a snail-covered altar of Cheibriados.
  2539 | D:4      | XOM: enchant monster (bad)
  2540 | D:4      | XOM: blink monster(s)
  2564 | D:4      | XOM: divination: magic mapping
  2605 | D:4      | XOM: 8-stop teleportation journey
  2656 | D:4      | Reached XP level 6. HP: 31/49 MP: 6/6
  2957 | D:4      | Found a staircase to the Ecumenical Temple.
  3075 | D:4      | Learned a level 2 spell: Scorch
  3138 | D:4      | Reached skill level 5 in Dodging
  3138 | D:4      | Reached XP level 7. HP: 40/55 MP: 7/7
  3475 | D:4      | Reached skill level 5 in Fighting
  3475 | D:4      | Reached skill level 6 in Short Blades
  3666 | D:5      | Entered Level 5 of the Dungeon
  3667 | D:5      | XOM: smoke on damage
  3855 | D:5      | XOM: confuse monster(s)
  3859 | D:5      | Reached skill level 1 in Spellcasting
  3963 | D:5      | XOM: summons friendly iron imp
  4097 | D:5      | XOM: 1-stop teleportation journey
  4100 | D:5      | Reached skill level 1 in Fire Magic
  4100 | D:5      | Reached XP level 8. HP: 33/63 MP: 9/9
  4221 | D:5      | XOM: 4-stop teleportation journey
  4402 | D:5      | XOM: 1-stop teleportation journey
  4714 | D:5      | Upgraded the game from 0.31.0-9-g3a7656b989 to
                  | 0.31.0-11-ge490571c62
  4826 | D:5      | XOM: cleaving
  4830 | D:5      | Reached skill level 7 in Short Blades
  5050 | D:5      | XOM: god gift: scroll labelled IDIECL ROONOEM {god gift}
  5096 | D:6      | XOM: noise
  5120 | D:6      | XOM: silly message
  5125 | D:6      | XOM: potion effect (heal wounds)
  5134 | D:6      | XOM: confusion (+ monsters)
  5291 | D:6      | XOM: enchant monster (good)
  5299 | D:6      | Reached skill level 8 in Short Blades
  5299 | D:6      | Reached XP level 9. HP: 36/69 MP: 12/12
  5533 | D:6      | XOM: 2-stop teleportation journey
  5547 | D:6      | XOM: scenery: summon butterflies
  5547 | D:6      | Mangled by an iguana

Illustrated notes

Levels and vault maps discovered:
D:1:      dpeg_arrival_tiny_a, layout_basic, minmay_misc_feat_five,
          minmay_indecisive_spiral
D:2:      layout_basic, hellmonk_ecumenical_altar_arch_garden, basic_altar,
          minmay_pentomino_z2, uniq_terence
D:3:      layout_loops_cross, mainiacjoe_overflow_surrounded_room, serial_shops,
          nicolae_shop_hallway_stairs, uniq_robin
D:4:      minmay_chambers_of_threes, layout_cave_pools,
          minmay_temple_entry_nine_rooms, dreamdust_princess_corridor
D:5:      layout_loops_corners, gup_sewer_entry_glass
D:6:      layout_loops_cross, minitemple

Skill      XL: |  1  2  3  4  5  6  7  8 |
---------------+-------------------------+-----
Short Blades   | 4 5 6 8 |  8.0
Dodging        | 3 4 5 6 7 |  7.2
Armour         | 1 2 3 |  3.6
Fighting       | 4 5 6 |  6.1
Spellcasting   | 1 2 |  2.2
Fire Magic     | 1 |  1.8
Evocations     | |  0.2

Action                     |  1- 3 |  4- 6 |  7- 9 || total
---------------------------+-------+-------+-------++-------
  Melee: Short sword       |   111 |   248 |   271 ||   630
         Punch             |       |     3 |     3 ||     6
         Headbutt          |       |    19 |    51 ||    70
   Cast: Scorch            |       |       |     2 ||     2
  Evoke: Wand              |       |       |     8 ||     8
    Use: Scroll            |     3 |     1 |     2 ||     6
         Potion            |     1 |     5 |     2 ||     8
   Stab: Paralysed         |     1 |       |       ||     1
         Confused          |     1 |     2 |     1 ||     4
         Sleeping          |       |     1 |       ||     1
         Petrifying        |       |     1 |       ||     1
 Armour: Leather armour    |    65 |   151 |   169 ||   385
  Dodge: Dodged            |    83 |   150 |   172 ||   405
